 Dungeon Crawl Stone Soup version 0.29.1-15-g9cfb28693d (webtiles) character file.

Game seed: 15467809196089996056

24 HakonGodeson the Shield-Bearer (level 3, 0/29 HPs)
             Began as a Human Fighter on Mar 30, 2023.
             Slain by a quokka (1 damage)
             ... on level 2 of the Dungeon.
             The game lasted 00:01:43 (419 turns).

HakonGodeson the Shield-Bearer (Human Fighter)       Turns: 419, Time: 00:01:44

Health: 0/29       AC:  7    Str: 16    XL:     3   Next: 15%
Magic:  3/3        EV:  9    Int: 10    God:
Gold:   37         SH:  6    Dex: 12    Spells: 2/2 levels left

rFire   . . .      SeeInvis .   a - +0 long sword
rCold   . . .      Faith    .   c - +2 buckler
rNeg    . . .      Spirit   .   b - +1 scale mail
rPois   .          Reflect  .   (no helmet)
rElec   .          Harm     .   e - scarf {+Inv}
rCorr   .          Rampage  .   (no gloves)
Will    .....                   (no boots)
Stlth   ..........              (no amulet)
HPRegen 0.09/turn               (no ring)
MPRegen 0.08/turn               (no ring)

@: mighty
A: no striking features
a: Evoke Invisibility


You were on level 2 of the Dungeon.
You visited 1 branch of the dungeon, and saw 3 of its levels.

You collected 37 gold pieces.

Inventory:

Hand Weapons
 a - a +0 long sword (weapon)
Armour
 b - a +1 scale mail (worn)
 c - a +2 buckler (worn)
 e - a scarf of invisibility (worn)
Scrolls
 f - a scroll of noise


   Skills:
 * Level 3.2 Fighting
 * Level 2.1 Long Blades
 * Level 3.2 Armour
 * Level 0.6 Dodging
 * Level 0.4 Stealth
 * Level 3.3 Shields


You had 2 spell levels left.
You didn't know any spells.
Your spell library was empty.

Dungeon Overview and Level Annotations

Branches:
Dungeon (3/15)

Altars:
Okawaru

Shops:
D:2 (


Message History

The adder poisons you!
You hit the adder but do no damage.
You feel sick. The adder bites you. The adder bites you but does no damage.
You closely miss the adder.
You feel sick. The adder barely misses you.
You closely miss the adder.
You feel sick. The adder bites you. The adder bites you but does no damage.
You hit the adder.
The adder is lightly wounded.
You feel sick.
You are no longer poisoned.
The adder bites you. You block the adder's attack.
You hit the adder but do no damage.
The adder is lightly wounded.
The adder bites you.
You are poisoned.
The adder poisons you! The adder barely misses you.
You barely miss the adder.
You feel sick. The adder bites you but does no damage.
Unknown command.
You feel very mighty all of a sudden.
You feel sick. The adder closely misses you. You block the adder's attack.
You slash the adder!
You kill the adder!
You feel sick. You block the quokka's attack.
You have reached level 3!
Your experience leads to an increase in your attributes!
Increase (S)trength, (I)ntelligence, or (D)exterity?
You feel clever. x2
You closely miss the quokka.
You feel sick. You block the quokka's attack. The quokka bites you.
* * * LOW HITPOINT WARNING * * *
You closely miss the quokka.
* * * LOW HITPOINT WARNING * * *
You feel sick.
You are no longer poisoned.
You block the quokka's attack.
You hit the quokka.
The quokka is almost dead.
The quokka bites you.
You die...

##..................#
##..................#
....................#
..........†.........#
..........).........#
##..............##+##
.#############..# #
.# ####.##.##.## .#
#....@rK..... .#
#.#####S..... .# #
..... .###### ....
......# ... ......#
.. ......# . ......#
#######


You could see an adder, a quokka and a kobold.

Vanquished Creatures
  An adder (D:2)
  A dart slug (D:2)
  An orc (D:2)
  An endoplasm (D:1)
  A giant cockroach (D:2)
  3 goblins
  A hobgoblin (D:2)
  2 bats (D:2)
  A kobold (D:2)
12 creatures vanquished.

Notes
Turn   | Place    | Note
-------+----------+-------------------------------------------
     0 | D:1      | HakonGodeson the Human Fighter began the quest for the Orb.
     0 | D:1      | Reached XP level 1. HP: 18/18 MP: 1/1
   128 | D:2      | Found Idgharal's Antique Weapon Emporium.
   144 | D:3      | Noticed an orc priest
   144 | D:3      | Found an iron altar of Okawaru.
   153 | D:2      | Reached XP level 2. HP: 19/24 MP: 2/2
   417 | D:2      | Reached XP level 3. HP: 7/29 MP: 3/3
   418 | D:2      | HP: 1/29 [poisoned by an adder]
   419 | D:2      | Slain by a quokka

Illustrated notes

Levels and vault maps discovered:
D:1:      dpeg_arrival_boxorama, layout_basic
D:2:      layout_basic, serial_shops, nicolae_square_shop,
          chequers_serial_rivers_small_a, minmay_misc_feat_room,
          minmay_split_cup_large
D:3:      layout_basic, evilmike_ruin_ashenzari, mainiacjoe_overflow_alcove_1,
          dk_noncrumbling_4, wad_floor_pattern_untrapped

Action                   || total
-------------------------++-------
Melee: Long sword        ||    37
  Use: Scroll            ||     5
       Potion            ||     1
Armor: Scale mail        ||    20
Dodge: Dodged            ||    19
Block: Buckler           ||    11
